 Dungeon Crawl Stone Soup version 0.30-a0-613-gdd512c7efb (webtiles) character file.

Game seed: 10692162757545685073

105 acebull12 the Chopper (level 4, -1/41 HPs)
             Began as a Hill Orc Monk on Jan 9, 2023.
             Succumbed to a scorpion's poison
             ... on level 4 of the Dungeon.
             The game lasted 00:04:34 (2536 turns).

acebull12 the Chopper (Hill Orc Monk)               Turns: 2536, Time: 00:04:34

Health: -1/41      AC: 14    Str: 15    XL:     4   Next: 81%
Magic:  4/4        EV: 11    Int: 10    God:
Gold:   196        SH:  0    Dex: 13    Spells: 3/3 levels left

rFire   . . .      SeeInvis .    a - +0 hand axe
rCold   . . .      Faith    .    (no shield)
rNeg    . . .      Spirit   .    h - +0 ring mail
rPois   .          Reflect  .    (no helmet)
rElec   .          Harm     .    t - +0 cloak
rCorr   .          Rampage  .    (no gloves)
Will    .....                    (no boots)
Stlth   +                        (no amulet)
HPRegen 0.26/turn                n - +4 ring of protection
MPRegen 0.09/turn                v - +4 ring of protection

@: lethally poisoned (-1 -> -11)
A: no striking features
a: no special abilities


You were on level 4 of the Dungeon.
You visited 1 branch of the dungeon, and saw 4 of its levels.

You collected 196 gold pieces.

Inventory:

Hand Weapons
 a - a +0 hand axe (weapon)
Missiles
 e - 42 stones (quivered)
Armour
 h - a +0 ring mail (worn)
 t - a +0 cloak (worn)
Jewellery
 k - an amulet of magic regeneration
 n - a +4 ring of protection (left hand)
 v - a +4 ring of protection (right hand)
Scrolls
 b - a scroll of noise {unknown}
 i - 2 scrolls of identify {unknown}
 l - a scroll of teleportation {unknown}
 m - a scroll of enchant armour {unknown}
 p - a scroll of poison {unknown}
 q - 2 scrolls of vulnerability {unknown}
Potions
 c - a potion of ambrosia
 d - 3 potions of heal wounds {unknown}
 f - 2 potions of degeneration {unknown}
 g - a potion of mutation {unknown}
 j - a potion of attraction {unknown}
 o - a potion of might {unknown}
 r - a potion of brilliance {unknown}
 s - a potion of cancellation {unknown}
 u - a potion of curing {unknown}


   Skills:
 + Level 4.6 Fighting
 + Level 5.3 Axes
 * Level 1.5 Armour
 + Level 2.9 Dodging
 + Level 1.6 Stealth


You had 3 spell levels left.
You didn't know any spells.
Your spell library contained the following spells:

 Spells                   Type           Power      Damage    Failure   Level
 Portal Projectile        Hex/Tloc       0%         N/A       91%         3
 Tukima's Dance           Hex            0%         N/A       91%         3
 Blade Hands              Tmut           0%         N/A       100%        5


Dungeon Overview and Level Annotations

Branches:
Dungeon (4/15)
 Temple: D:4-7

Altars:
Xom


Message History

The scorpion poisons you!
You hit the scorpion.
The scorpion is severely wounded.
You feel very sick. The scorpion barely misses you.
You hit the scorpion but do no damage.
The scorpion is severely wounded.
You feel sick. The scorpion closely misses you.
You barely miss the scorpion.
The scorpion is severely wounded.
You feel sick. The scorpion misses you.
You closely miss the scorpion.
The scorpion is severely wounded.
You feel sick. The scorpion misses you.
The scorpion stings you but does no damage.
You closely miss the scorpion.
The scorpion is severely wounded.
You feel sick.
The scorpion stings you but does no damage.
You barely miss the scorpion.
The scorpion is severely wounded.
You feel sick.
The scorpion stings you but does no damage.
You completely miss the scorpion.
The scorpion is severely wounded.
You feel sick. The scorpion misses you.
You hit the scorpion.
The scorpion is almost dead.
You feel sick.
You are no longer poisoned.
The scorpion closely misses you. x2
You hit the scorpion but do no damage.
The scorpion is almost dead.
The scorpion stings you.
* * * LOW HITPOINT WARNING * * *
You are lethally poisoned!
The scorpion poisons you!
You hit the scorpion but do no damage. Your punch misses the scorpion.
The scorpion is almost dead.
You die...

#. #.###########. #.
#.......<..##.
##.#####.######.#.##.
#.............#.#.##.
#......######.#.#....
. #......'....#
#.#####
...#......####.# #..
..........+ #.#
......s@..# ...
[[....†...#
..........#
###...##### #...
....# ####. ..


You could see a scorpion.

Vanquished Creatures
  3 adders
  A gnoll (D:1)
  2 worms
  A dart slug (D:4)
  6 orcs
  6 bats
  4 endoplasms
  2 giant cockroaches (D:1)
  6 hobgoblins
  3 jackals (D:4)
  A quokka (D:2)
  4 ball pythons
  3 frilled lizards (D:1)
  3 goblins
  8 kobolds
  A rat (D:2)
54 creatures vanquished.

Notes
Turn   | Place    | Note
-------+----------+-------------------------------------------
     0 | D:1      | acebull12 the Hill Orc Monk began the quest for the Orb.
     0 | D:1      | Reached XP level 1. HP: 19/19 MP: 1/1
    69 | D:1      | Reached XP level 2. HP: 6/27 MP: 2/2
   628 | D:1      | Reached XP level 3. HP: 33/33 MP: 3/3
  1357 | D:2      | Found a shimmering altar of Xom.
  1367 | D:2      | Reached skill level 1 in Armour
  1376 | D:2      | Reached XP level 4. HP: 31/41 MP: 4/4
  1930 | D:3      | Reached skill level 5 in Axes
  1983 | D:3      | Identified the +9 mace of Temperance {drain, Str+4}
  2513 | D:4      | Noticed a scorpion
  2535 | D:4      | HP: 2/41 [scorpion (5)]
  2536 | D:4      | Succumbed to a scorpion's poison

Illustrated notes

Levels and vault maps discovered:
D:1:      lightli_arrival_noodles, layout_loops_ring, minmay_tetromino_i2
D:2:      layout_loops_ring, basic_altar, kennysheep_generic_room_11
D:3:      layout_rooms, minmay_quantized
D:4:      layout_basic, minmay_temple_entry_junction, feat_on_display

Skill      XL: |  1  2  3  4 |
---------------+-------------+-----
Fighting       | 4 |  4.6
Armour         | 1 |  1.5
Axes           | 5 |  5.3
Dodging        | |  2.9
Stealth        | |  1.6

Action                   |  1- 3 |  4- 6 || total
-------------------------+-------+-------++-------
Melee: Hand axe          |   122 |    85 ||   207
       Punch             |     1 |       ||     1
 Stab: Sleeping          |     1 |       ||     1
Armor: Robe              |    19 |       ||    19
       Ring mail         |    23 |    46 ||    69
Dodge: Dodged            |    72 |    51 ||   123

Table legend: (Time is in decaauts)
 A = Elapsed time spent in this place.
 B = Non-inter-level travel time spent in this place.
 C = Inter-level travel time spent in this place.
 D = Time resting spent in this place.
 E = Time spent auto-exploring this place.
 F = Levels seen in this place.
 G = Mean time per level.
                   A        B        C        D        E       F      G
               +--------+--------+--------+--------+--------+-----+--------+
         Total |   2551 |   2290 |    261 |     82 |   1730 |   4 |  637.8 |
       Dungeon |   2551 |   2290 |    261 |     82 |   1730 |   4 |  637.8 |
               +--------+--------+--------+--------+--------+-----+--------+

Top non-repeatable levels by time:
     D:1: 933 daAuts
     D:2: 873 daAuts
     D:3: 562 daAuts
     D:4: 181 daAuts
